 Dungeon Crawl Stone Soup version 0.20.1-1-g8b1a95d (webtiles) character file.

272 Jazqa the Chiller (level 6, 0/44 HPs)
             Began as a Merfolk Ice Elementalist on Oct 28, 2017.
             Was a Follower of Dithmenos.
             Slain by a ball python (1 damage)
             ... in a sewer.
             The game lasted 00:09:48 (3595 turns).

Jazqa the Chiller (Merfolk Ice Elementalist)        Turns: 3595, Time: 00:09:49

Health: 0/44       AC:  3    Str:  9    XL:     6   Next: 23%
Magic:  0/11       EV: 13    Int: 21    God:    Dithmenos [*.....]
Gold:   118        SH:  0    Dex: 14    Spells: 3/11 levels left

rFire    . . .     SeeInvis .   d - +0 short sword
rCold    . . .     Gourm    .   (no shield)
rNeg     . . .     Faith    .   a - +0 robe
rPois    .         Spirit   +   (no helmet)
rElec    .         Reflect  .   f - +0 cloak
rCorr    .         Harm     .   (no gloves)
MR       .....                  (boots currently unavailable)
Stlth    ++++......             G - amulet of guardian spirit
Regen    0.2/turn               (no ring)
MPRegen  0.2/turn               (no ring)

@: brilliant, lethally poisoned (0 -> -3), mesmerised, wreathed by umbra,
constricted, very quick
A: change form in water, swift swim, stealthy swim
a: Renounce Religion


You were in a sewer.
You worshipped Dithmenos.
Dithmenos was aware of your devotion.
You were not hungry.

You visited 1 branch of the dungeon, and saw 3 of its levels.
You also visited: Sewer.

You collected 118 gold pieces.


   Skills:
 + Level 2.0 Fighting
 + Level 2.4 Short Blades
 - Level 2.6 Dodging
 + Level 3.1 Stealth
 + Level 3.4 Spellcasting
   Level 0.7 Conjurations
 - Level 1.4 Charms
 + Level 0.8 Summonings
 + Level 4.6 Ice Magic


You had 3 spell levels left.
You knew the following spells:

 Your Spells              Type           Power        Failure   Level  Hunger
b - Summon Ice Beast      Ice/Summ       ####....     4%          4    ####...
o - Ozocubu's Armour      Chrm/Ice       ####....     1%          3    ###....
z - Freeze                Ice            ####         1%          1    None

Inventory:

Hand Weapons
 d - a +0 short sword (weapon)
Armour
 a - a +0 robe (worn)
 f - a +0 cloak (worn)
Jewellery
 G - an amulet of guardian spirit (around neck)
Scrolls
 j - 3 scrolls of teleportation {@r4}
 k - a scroll of remove curse {unknown}
 l - 4 scrolls of identify {unknown}
Potions
 n - 5 potions of flight
Books
 b - a book of Frost

   Spells                             Type                      Level
   a - Freeze                         Ice                          1
   b - Throw Frost                    Conjuration/Ice              2
   c - Ozocubu's Armour               Charms/Ice                   3
   d - Throw Icicle                   Conjuration/Ice              4
   e - Summon Ice Beast               Ice/Summoning                4
Comestibles
 c - 2 bread rations {@e1}
 g - 2 royal jellies {@e3}
 i - 12 chunks of flesh

Dungeon Overview and Level Annotations

Branches:
Dungeon (3/15)

Altars:
Dithmenos
Makhleb

≈≈≈≈≈≈≈ ≈≈≈≈≈≈≈ ≈≈≈≈≈≈≈
▒▒▒ ≈≈≈≈≈≈≈ ▒▒r.
≈≈≈≈≈≈≈▒▒ ▒.. ≈≈≈≈≈≈≈≈▒
▒▒.▒ S≈▒▒▒▒▒▒
≈≈≈≈≈≈≈S▒▒▒..▒ ≈.....▒
≈≈≈≈≈≈≈≈@≈▒.†▒▒▒▒▒▒▒▒▒≈..
≈≈≈≈≈≈≈SS≈≈≈≈≈≈≈≈≈≈≈≈▒≈†.
≈≈≈≈≈≈≈≈≈≈▒..▒▒▒▒▒▒▒▒≈≈≈≈
≈≈≈≈≈≈≈≈▒▒▒..▒ ▒▒▒▒≈
≈≈≈≈m≈≈.▒ ▒..▒ ▒▒
≈≈≈≈≈≈≈.▒ ▒..▒ ▒
≈≈≈≈≈≈≈.▒ ▒▒▒▒ ▒
≈≈≈≈≈≈≈.+ ▒ ≈≈≈≈ ▒


You could see a malarious merfolk avatar, 2 adders and a ball python.


Message History

The ball python constricts you.
You barely miss the adder.
The adder is severely wounded.
The adder misses you. The adder barely misses you.
The ball python completely misses you. The ball python constricts you.
The malarious merfolk avatar chants its luring song.
The adder misses you.
Unknown command.
You barely miss the adder.
The adder is severely wounded.
The adder bites you.
* * * LOW HITPOINT WARNING * * *
You are poisoned.
The adder poisons you! The ball python bites you.
* * * LOW HITPOINT WARNING * * *
x2 The ball python constricts you.
The adder bites you.
* * * LOW HITPOINT WARNING * * *
The malarious merfolk avatar chants its luring song.
The adder barely misses you.
You miss the adder.
The adder is severely wounded.
* * * LOW HITPOINT WARNING * * *
You feel sick. The ball python misses you. The ball python constricts you.
The adder barely misses you. The adder misses you.
The malarious merfolk avatar chants its luring song.
Unknown command.
You closely miss the adder.
Your tail-slap misses the adder.
The adder is severely wounded.
The adder bites you. The ball python closely misses you.
You die...

Skill      XL: |  1  2  3  4  5  6 |
---------------+-------------------+-----
Ice Magic      | 4 |  4.6
Fighting       | 1 2 |  2.0
Spellcasting   | 3 |  3.4
Short Blades   | 1 2 |  2.4
Charms         | 1 |  1.4
Stealth        | 3 |  3.1
Dodging        | |  2.6
Conjurations   | |  0.7
Summonings     | |  0.8

Action                   |  1- 3 |  4- 6 || total
-------------------------+-------+-------++-------
Melee: Unarmed           |    10 |       ||    10
       Short sword       |    67 |   104 ||   171
       Tailslap          |       |     5 ||     5
 Cast: Freeze            |    43 |    71 ||   114
       Ozocubu's Armour  |     2 |     2 ||     4
  Use: Potion            |       |     3 ||     3
 Stab: Sleeping          |     3 |    10 ||    13
  Eat: Chunk             |     3 |     6 ||     9
Armor: Robe              |    15 |    25 ||    40
Dodge: Dodged            |    92 |   148 ||   240

Vault maps used:
D:1:      dpeg_arrival_more_subterranean_lakeside_camping
D:2:      grunt_dithmenos_smoke_and_mirrors, nicolae_overflow_crystal_walls,
          uniq_natasha
D:3:      gup_sewer_entry_spiral
Sewer:    sewer_sea

Notes
Turn   | Place    | Note
-------+----------+-------------------------------------------
     0 | D:1      | Jazqa the Merfolk Ice Elementalist began the quest for the Orb.
     0 | D:1      | Reached XP level 1. HP: 13/13 MP: 3/3
   151 | D:1      | Reached XP level 2. HP: 8/19 MP: 1/5
   861 | D:1      | Reached XP level 3. HP: 18/24 MP: 2/6
   978 | D:1      | Learned a level 3 spell: Ozocubu's Armour
  1348 | D:1      | Reached skill level 4 in Ice Magic
  1417 | D:2      | Found a burning altar of Makhleb.
  1823 | D:2      | Found a shadowy altar of Dithmenos.
  1847 | D:2      | Became a worshipper of Dithmenos the Shadowed
  1849 | D:2      | Noticed Natasha
  1860 | D:2      | Killed Natasha
  1860 | D:2      | Reached skill level 1 in Fighting
  1860 | D:2      | Reached XP level 4. HP: 17/32 MP: 3/8
  2066 | D:2      | Reached skill level 3 in Spellcasting
  2116 | D:2      | Reached skill level 1 in Short Blades
  2132 | D:2      | Noticed Natasha
  2144 | D:2      | Killed Natasha
  2144 | D:2      | Reached skill level 1 in Charms
  2236 | D:2      | Learned a level 4 spell: Summon Ice Beast
  2243 | D:2      | Noticed Natasha
  2253 | D:2      | Killed Natasha
  2253 | D:2      | Reached XP level 5. HP: 25/37 MP: 1/9
  3184 | D:3      | Reached skill level 2 in Short Blades
  3201 | D:3      | Found a glowing drain.
  3301 | Sewer    | Entered a sewer
  3336 | Sewer    | Reached * piety under Dithmenos
  3458 | Sewer    | Reached XP level 6. HP: 42/44 MP: 4/11
  3506 | Sewer    | Reached skill level 3 in Stealth
  3523 | Sewer    | Reached skill level 2 in Fighting
  3593 | Sewer    | HP: 2/44 [adder (5)]
  3595 | Sewer    | Slain by a ball python

Vanquished Creatures
  Natasha (thrice) (D:2)
  2 merfolk sirens (Sewer)
  3 adders
  3 river rats
  4 worms (D:2)
  2 dart slugs (D:1)
  4 leopard geckos
  7 bats
  5 giant cockroaches
  4 goblins (D:1)
  5 hobgoblins
  3 jackals (D:1)
  6 kobolds
  2 quokkas
  A ball python (Sewer)
  12 frilled lizards
  31 rats
97 creatures vanquished.
